 Dungeon Crawl Stone Soup version 0.30-a0-576-g89cddaab80 (webtiles) character file.

Game seed: 3357515910632843725

20631 themarg the Thaumaturge (level 12, -5/95 HPs)
             Began as a Gnoll Wanderer on Dec 31, 2022.
             Was an Elder of Qazlal.
             Slain by a swamp worm (14 damage)
             ... on level 2 of the Lair of Beasts.
             The game lasted 00:44:59 (16549 turns).

themarg the Thaumaturge (Gnoll Wanderer)           Turns: 16549, Time: 00:45:00

Health: -5/95      AC: 19    Str: 13    XL:     12   Next: 81%
Magic:  0/25       EV: 15    Int: 14    God:    Qazlal [****..]
Gold:   655        SH:  5    Dex: 18    Spells: 26/29 levels left

rFire   . . .      SeeInvis .    t - +10 dark maul {heavy}
rCold   + . .      Faith    .    (shield currently unavailable)
rNeg    . . .      Spirit   +    S - +2 ring mail "Tegecu" {Regen+ Int+3 Dex-2}
rPois   .          Reflect  .    l - +2 helmet
rElec   .          Harm     +    A - +0 cloak
rCorr   .          Rampage  .    g - +1 Delatra's gloves {ID++}
Will    .....      Clarity  +    T - +2 pair of boots of the Carpenter {Harm rC+ Regen+}
Stlth   ++                       G - amulet of guardian spirit
HPRegen 1.95/turn                v - +6 ring of dexterity
MPRegen 0.19/turn                (no ring)

@: marked, repel missiles
A: fangs 1, strong nose, distributed training, clarity, dopey 1, wild magic 1
a: Renounce Religion, Upheaval, Elemental Force


You were on level 2 of the Lair of Beasts.
You worshipped Qazlal.
Qazlal was greatly pleased with you.
You visited 2 branches of the dungeon, and saw 15 of its levels.
You also visited: Sewer and Bailey.

You collected 934 gold pieces.
You spent 279 gold pieces at shops.

Inventory:

Hand Weapons
 a - a +1 long sword
 p - a +2 dagger of flaming
 t - the +10 dark maul (weapon) {heavy}
   (You took it off a two-headed ogre on level 8 of the Dungeon)

   It deals dramatically more damage, but attacks with it are much slower.
 U - a +1 vampiric bardiche
Missiles
 b - a silver boomerang
 e - 155 stones (quivered)
 i - 14 boomerangs
 L - a throwing net
Armour
 g - the +1 Delatra's gloves (worn) {ID++}
   (You found it on level 6 of the Dungeon)

   It heals its wearer when they drink unknown potions.
   It restores its wearer's MP when they read unknown scrolls.
 l - a +2 helmet (worn)
 A - a +0 cloak (worn)
 S - the +2 ring mail "Tegecu" (worn) {Regen+ Int+3 Dex-2}
   (You found it in a bailey)

   Int:       It affects your intelligence (+3).
   Dex:       It affects your dexterity (-2).
   Regen:     It increases your rate of health regeneration.
 T - the +2 pair of boots of the Carpenter (worn) {Harm rC+ Regen+}
   (You found it in a bailey)

   rC:        It protects you from cold.
   Regen:     It increases your rate of health regeneration.
   Harm:      It increases damage dealt and taken.
Jewellery
 f - a ring of flight
 n - a ring of fire
 q - an amulet of magic regeneration
 v - a +6 ring of dexterity (left hand)
 F - a ring of wizardry
 G - an amulet of guardian spirit (around neck)
 Q - an amulet of reflection
 X - a ring of ice
Wands
 B - a wand of paralysis (5)
 I - a wand of mindburst (17)
 O - a wand of quicksilver (5)
 W - a wand of flame (19)
Scrolls
 k - 7 scrolls of fear
 m - 11 scrolls of teleportation
 u - 2 scrolls of torment {unknown}
 x - 5 scrolls of magic mapping
 y - 2 scrolls of silence
 z - 3 scrolls of poison
 C - 3 scrolls of amnesia
 D - 2 scrolls of blinking {unknown}
 H - 2 scrolls of identify
 K - 3 scrolls of enchant weapon
 M - a scroll of immolation
 N - 3 scrolls of vulnerability {unknown}
 P - 4 scrolls of fog {unknown}
 V - 2 scrolls of noise {unknown}
Potions
 c - 4 potions of lignification
 d - a potion of attraction
 h - 4 potions of heal wounds
 j - 9 potions of haste
 o - 2 potions of might
 r - 3 potions of magic
 s - 5 potions of cancellation
 w - 2 potions of resistance
 E - 17 potions of degeneration
 J - 2 potions of mutation
 R - a potion of experience
 Y - a potion of brilliance
 Z - a potion of curing


   Skills:
 + Level 9.2 Fighting
 + Level 7.9 Short Blades
 + Level 9.2 Long Blades
 + Level 7.9 Axes
 + Level 7.9 Maces & Flails
 + Level 7.9 Polearms
 + Level 7.9 Staves
 + Level 7.9 Ranged Weapons
 + Level 7.9 Throwing
 + Level 7.9 Armour
 + Level 7.9 Dodging
 + Level 8.3 Stealth
 + Level 7.9 Shields
 + Level 7.9 Unarmed Combat
 + Level 9.4 Spellcasting
 + Level 8.6 Conjurations
 + Level 6.6 Hexes
 + Level 6.6 Summonings
 + Level 6.6 Necromancy
 + Level 6.6 Translocations
 + Level 6.6 Transmutations
 + Level 6.6 Fire Magic
 + Level 6.6 Ice Magic
 + Level 6.6 Air Magic
 + Level 6.6 Earth Magic
 + Level 6.6 Poison Magic
 + Level 8.7 Invocations
 + Level 7.9 Evocations


You had 26 spell levels left.
You knew the following spells:

 Your Spells              Type           Power      Damage    Failure   Level
a - Foxfire               Conj/Fire      100%       2x1d9     1%          1
Z - Blink                 Tloc           64%        N/A       4%          2

Your spell library contained the following spells:

 Spells                   Type           Power      Damage    Failure   Level
 Magic Dart               Conj           100%       1d8       1%          1
 Searing Ray              Conj           80%        2d7       1%          2
 Momentum Strike          Conj/Tloc      72%        3d10      2%          2
 Cigotuvi's Dreadful Rot  Necr/Pois/Air  64%        N/A       4%          2
 Ensorcelled Hibernation  Hex/Ice        64%        N/A       4%          2
 Passwall                 Tmut/Erth      26%        N/A       4%          2
 Sublimation of Blood     Necr           32%        N/A       4%          2
 Wereblood                Tmut           32%        N/A       4%          2
 Hailstorm                Conj/Ice       36%        3d9       4%          3
 Ignite Poison            Fire/Tmut/Pois 32%        N/A       7%          3
 Inner Flame              Hex/Fire       32%        N/A       7%          3
 Kindle Blastsparks       Fire/Tloc/Air  64%        2d15      7%          3
 Lesser Beckoning         Tloc           64%        N/A       7%          3
 Swiftness                Air            32%        N/A       7%          3
 Fulminant Prism          Conj/Hex       18%        3d10      13%         4
 Cause Fear               Hex            16%        N/A       21%         4
 Dispel Undead            Necr           32%        3d14      21%         4
 Summon Ice Beast         Ice/Summ       32%        N/A       21%         4
 Fireball                 Conj/Fire      18%        3d9       34%         5
 Freezing Cloud           Conj/Ice/Air   17%        6-21      36%         5
 Summon Forest            Summ/Tloc      16%        N/A       45%         5
 Summon Mana Viper        Hex/Summ       32%        N/A       45%         5
 Starburst                Conj/Fire      18%        6d7       86%         6
 Death Channel            Necr           16%        N/A       95%         6
 Summon Cactus Giant      Summ           16%        N/A       95%         6
 Monstrous Menagerie      Summ           16%        N/A       100%        7
 Summon Hydra             Summ           16%        N/A       100%        7
 Discord                  Hex            16%        N/A       100%        8
 Chain Lightning          Conj/Air       18%        3d24      100%        9
 Fire Storm               Conj/Fire      18%        8d5       100%        9
 Shatter                  Erth           16%        3d15*     100%        9


Dungeon Overview and Level Annotations

Branches:
Dungeon (13/15)            Temple (0/1) D:5            Lair (2/5) D:9
    Orc (0/2) D:10          Sewer (visited)          Bailey (visited)
  Swamp: Lair:2-3    Shoals: Lair:2-3     Snake: Lair:2-3    Spider: Lair:2-3
 Vaults: D:13-14

Altars:
Dithmenos
Elyvilon
Hepliaklqana
Kikubaaqudgha
Okawaru
Qazlal
Ru
Trog
Uskayaw
Vehumet
Wu Jian
Xom
Yredelemnul

Shops:
D:8 *

Annotations:
D:5 1 runed translucent door, oldmanjim's ghost, novice DjEE


Innate Abilities, Weirdness & Mutations

You have very sharp teeth.
Your uncanny sense of smell can sniff out nearby items.
Your experience applies equally to all skills.
You possess an exceptional clarity of mind.
You are dopey. (Int -2)
Your spells are a little harder to cast, but a little more powerful.


Message History

The swamp worm is moderately wounded.
The swamp worm completely misses you.
t - the +10 dark maul (weapon)
{heavy} The eight-headed hydra is engulfed in freezing vapours.
The eight-headed hydra seems to slow down.
The eight-headed hydra bites you! The eight-headed hydra bites you.
The eight-headed hydra closely misses you.
You block the eight-headed hydra's attack.
The eight-headed hydra bites you!
You block the eight-headed hydra's attack.
The eight-headed hydra misses you.
The eight-headed hydra closely misses you.
You closely miss the swamp worm.
The swamp worm is moderately wounded.
The swamp worm bites you. The swamp worm bites you!
The swamp worm bites you but does no damage.
The eight-headed hydra is engulfed in freezing vapours.
The eight-headed hydra seems to slow down.
The eight-headed hydra closely misses you.
You block the eight-headed hydra's attack.
The eight-headed hydra bites you but does no damage. x2
The eight-headed hydra bites you!
The eight-headed hydra bites you but does no damage.
You block the eight-headed hydra's attack.
The eight-headed hydra bites you!
* * * LOW HITPOINT WARNING * * *
The eight-headed hydra is engulfed in freezing vapours.
The eight-headed hydra seems to slow down.
The eight-headed hydra closely misses you.
The eight-headed hydra barely misses you.
The eight-headed hydra bites you!
* * * LOW HITPOINT WARNING * * *
The eight-headed hydra closely misses you.
The eight-headed hydra bites you.
* * * LOW HITPOINT WARNING * * *
The eight-headed hydra bites you but does no damage.
The eight-headed hydra barely misses you.
The eight-headed hydra bites you but does no damage.
The swamp worm bites you!
You die...

......
#..........#
......
##.....>.....
###..........
#............
#............
##....$.......
#..○......)...
##○☼..........
##@○.........
#w#D†........
#w.§☼........
.#..#......
..P.........
.............
........[.....
...............
P............
.......


You could see an eight-headed hydra (slow), a tyrant leech and a swamp worm.

Vanquished Creatures
  A centaur warrior (D:12)
  3 two-headed ogres
  An orc knight (D:8)
  An ugly thing (D:11)
  A manticore (D:12)
  A cyclops (D:11)
  2 black mambas
  A gargoyle (Bailey)
  3 cane toads
  4 komodo dragons
  A rime drake (Lair:2)
  2 trolls
  2 polar bears
  4 blink frogs (Lair:1)
  A shadow (D:12)
  A wraith (D:11)
  2 vampires
  3 wyverns
  3 basilisks
  28 yaks
  A steam dragon (D:8)
  A swamp worm (Lair:2)
  2 acid dragons
  5 water moccasins
  7 orc warriors
  A sky beast (D:7)
  4 ogres
  3 black bears
  An ice beast (D:6)
  6 centaurs
  A kobold brigand (Sewer)
  2 phantoms
  10 bullfrogs
  A gnoll sergeant (D:7)
  3 scorpions
  10 wights
  3 killer bees (D:8)
  8 vampire bats (Bailey)
  3 howler monkeys
  4 wolf zombies (Bailey)
  3 electric eels (D:12)
  3 hounds
  5 jellies
  Crazy Yiuf (D:7)
  A gnoll bouda (D:7)
  7 orc priests
  7 iguanas
  7 orc wizards
  6 hell rats (Lair:2)
  9 gnolls (D:7)
  7 adders
  A river rat (D:3)
  A white imp (D:7)
  An ufetubus (D:5)
  3 dart slugs
  34 orcs
  8 ball pythons
  3 endoplasms
  9 giant cockroaches
  10 goblins
  12 hobgoblins
  2 jackals (D:5)
  26 kobolds
  2 quokkas
  7 bats
  3 frilled lizards
  18 orc zombies (Bailey)
  4 rats
341 creatures vanquished.

Vanquished Creatures (others)
  A sky beast (D:8)
  An orc wizard (D:12)
  A shadow imp (D:8)
  43 fungi
  45 plants
  A withered plant (D:1)
92 creatures vanquished.

Grand Total: 433 creatures vanquished

Notes
Turn   | Place    | Note
-------+----------+-------------------------------------------
     0 | D:1      | themarg the Gnoll Wanderer began the quest for the Orb.
     0 | D:1      | themarg set off with the following items: a +1 long sword,
                  | a potion of curing, a +0 leather armour; and the following
                  | spell memorised: Foxfire; and the following spells
                  | available to memorise: Hailstorm.
     0 | D:1      | Reached XP level 1. HP: 20/20 MP: 6/6
    95 | D:1      | Reached XP level 2. HP: 23/26 MP: 7/7
   177 | D:1      | Found a faded altar of an unknown god.
   794 | D:1      | Reached skill level 5 in Spellcasting
   794 | D:1      | Reached XP level 3. HP: 11/31 MP: 7/9
   993 | D:2      | Reached skill level 1 in Invocations
  1265 | D:2      | Reached skill level 1 in Short Blades
  1265 | D:2      | Reached skill level 1 in Axes
  1265 | D:2      | Reached skill level 1 in Maces & Flails
  1265 | D:2      | Reached skill level 1 in Polearms
  1265 | D:2      | Reached skill level 1 in Staves
  1265 | D:2      | Reached skill level 1 in Ranged Weapons
  1265 | D:2      | Reached skill level 1 in Throwing
  1265 | D:2      | Reached skill level 1 in Armour
  1265 | D:2      | Reached skill level 1 in Dodging
  1265 | D:2      | Reached skill level 1 in Shields
  1265 | D:2      | Reached skill level 1 in Unarmed Combat
  1265 | D:2      | Reached skill level 1 in Evocations
  1354 | D:2      | Reached XP level 4. HP: 38/38 MP: 11/11
  1984 | D:3      | Reached skill level 1 in Hexes
  1984 | D:3      | Reached skill level 1 in Summonings
  1984 | D:3      | Reached skill level 1 in Necromancy
  1984 | D:3      | Reached skill level 1 in Translocations
  1984 | D:3      | Reached skill level 1 in Transmutations
  1984 | D:3      | Reached skill level 1 in Fire Magic
  1984 | D:3      | Reached skill level 1 in Ice Magic
  1984 | D:3      | Reached skill level 1 in Air Magic
  1984 | D:3      | Reached skill level 1 in Earth Magic
  1984 | D:3      | Reached skill level 1 in Poison Magic
  1996 | D:3      | Found a glowing drain.
  2000 | Sewer    | Entered a sewer
  2169 | Sewer    | Noticed a kobold brigand
  2175 | Sewer    | Killed a kobold brigand
  2176 | Sewer    | Reached XP level 5. HP: 42/43 MP: 12/12
  3089 | D:4      | Reached XP level 6. HP: 7/50 MP: 14/14
  3364 | D:4      | Learned a level 2 spell: Blink
  3505 | D:4      | Reached skill level 5 in Fighting
  3505 | D:4      | Reached skill level 5 in Long Blades
  3713 | D:4      | Found a bloodstained altar of Trog.
  3727 | D:4      | Reached XP level 7. HP: 27/56 MP: 7/15
  3983 | D:4      | Found a sacrificial altar of Ru.
  4131 | D:4      | Found a stormy altar of Qazlal.
  4134 | D:4      | Became a worshipper of Qazlal Stormbringer
  4166 | D:5      | Entered Level 5 of the Dungeon
  4502 | D:5      | Found an ancient bone altar of Kikubaaqudgha.
  4608 | D:5      | Found a staircase to the Ecumenical Temple.
  4960 | D:5      | Reached XP level 8. HP: 53/63 MP: 16/16
  5267 | D:5      | Found a runed translucent door.
  5410 | D:5      | Noticed oldmanjim's ghost (novice DjEE)
  5749 | D:6      | Found the +1 Delatra's gloves {ID++}
  6332 | D:6      | Reached XP level 9. HP: 60/69 MP: 15/18
  6869 | D:7      | Reached * piety under Qazlal
  6965 | D:7      | Found a flagged portal.
  6987 | Bailey   | Entered a bailey
  7179 | Bailey   | Reached skill level 5 in Stealth
  7305 | Bailey   | Reached skill level 5 in Invocations
  7575 | Bailey   | Reached ** piety under Qazlal
  7576 | Bailey   | Noticed a gargoyle
  7603 | Bailey   | Killed a gargoyle
  7807 | Bailey   | Identified the +2 pair of boots "Panofiuf" {rN+++ Str-2
                  | Dex-5 Stlth+}
  7841 | Bailey   | Identified the +1 scale mail "Yzepn" {Will+ rCorr Str-2}
  7847 | Bailey   | Identified the +2 ring mail "Tegecu" {Regen+ Int+3 Dex-2}
  7849 | Bailey   | Identified the +2 pair of boots of the Carpenter {Harm rC+
                  | Regen+}
  8373 | D:7      | Reached skill level 5 in Short Blades
  8373 | D:7      | Reached skill level 5 in Axes
  8373 | D:7      | Reached skill level 5 in Maces & Flails
  8373 | D:7      | Reached skill level 5 in Polearms
  8373 | D:7      | Reached skill level 5 in Staves
  8373 | D:7      | Reached skill level 5 in Ranged Weapons
  8373 | D:7      | Reached skill level 5 in Throwing
  8373 | D:7      | Reached skill level 5 in Armour
  8373 | D:7      | Reached skill level 5 in Dodging
  8373 | D:7      | Reached skill level 5 in Shields
  8373 | D:7      | Reached skill level 5 in Unarmed Combat
  8373 | D:7      | Reached skill level 5 in Evocations
  8373 | D:7      | Reached XP level 10. HP: 43/77 MP: 14/20
  8998 | D:7      | Found a runed translucent door.
  8999 | D:7      | Noticed Crazy Yiuf
  9010 | D:7      | Killed Crazy Yiuf
  9406 | D:8      | Noticed a two-headed ogre
  9437 | D:8      | Killed a two-headed ogre
  9576 | D:8      | Identified the +9 ring mail of Whack-A-Mole {rF- Str+3
                  | Stlth+}
  9788 | D:8      | Found Ontusaatze's Assorted Antiques.
  9791 | D:8      | Bought 2 scrolls of fear for 248 gold pieces
  9791 | D:8      | Bought a scroll labelled WIB ALOFUTZU for 31 gold pieces
  9903 | D:8      | Noticed an orc knight
  9916 | D:8      | Noticed a two-headed ogre
  9927 | D:8      | Killed a two-headed ogre
  9987 | D:8      | Killed an orc knight
 10749 | D:9      | Reached skill level 5 in Hexes
 10749 | D:9      | Reached skill level 5 in Summonings
 10749 | D:9      | Reached skill level 5 in Necromancy
 10749 | D:9      | Reached skill level 5 in Translocations
 10749 | D:9      | Reached skill level 5 in Transmutations
 10749 | D:9      | Reached skill level 5 in Fire Magic
 10749 | D:9      | Reached skill level 5 in Ice Magic
 10749 | D:9      | Reached skill level 5 in Air Magic
 10749 | D:9      | Reached skill level 5 in Earth Magic
 10749 | D:9      | Reached skill level 5 in Poison Magic
 10756 | D:9      | Reached XP level 11. HP: 85/85 MP: 22/22
 10775 | D:9      | Found a staircase to the Lair.
 10807 | D:9      | HP: 3/85 [orc priest/divine providence (8)]
 10810 | D:9      | Gained mutation: You are dopey. (Int -2) [potion of
                  | mutation]
 10810 | D:9      | Gained mutation: Your spells are a little harder to cast,
                  | but a little more powerful. [potion of mutation]
 10810 | D:9      | Gained mutation: You possess an exceptional clarity of
                  | mind. [potion of mutation]
 11176 | D:9      | Reached *** piety under Qazlal
 12026 | D:10     | Entered Level 10 of the Dungeon
 12027 | D:10     | Noticed a two-headed ogre
 12203 | D:10     | Found a staircase to the Orcish Mines.
 12212 | D:10     | Killed a two-headed ogre
 12516 | D:10     | Found a hazy altar of Hepliaklqana.
 12516 | D:10     | Found a white marble altar of Elyvilon.
 12516 | D:10     | Found a basalt altar of Yredelemnul.
 12524 | D:10     | Found a shimmering altar of Xom.
 12527 | D:10     | Found an iron altar of Okawaru.
 12528 | D:10     | Found a radiant altar of Vehumet.
 12529 | D:10     | Found a hide-covered altar of Uskayaw.
 12532 | D:10     | Found a shadowy altar of Dithmenos.
 12535 | D:10     | Found an ornate altar of the Wu Jian Council.
 13242 | D:11     | Noticed a cyclops
 13289 | D:11     | Killed a cyclops
 13438 | D:11     | Noticed a purple ugly thing
 13462 | D:11     | Killed a purple ugly thing
 13462 | D:11     | Reached **** piety under Qazlal
 13726 | D:11     | Reached XP level 12. HP: 83/94 MP: 18/24
 13891 | D:12     | Noticed a centaur warrior
 13910 | D:12     | Killed a centaur warrior
 14901 | Lair:1   | Entered Level 1 of the Lair of Beasts
 16544 | Lair:2   | Noticed an eight-headed hydra
 16549 | Lair:2   | Slain by a swamp worm

Illustrated notes

Levels and vault maps discovered:
D:1:      onia_arrival_mini_spirals, layout_basic,
          ebering_ecumenical_altar_petrified, serial_bayou_crossing
D:2:      layout_loops_corners, serial_bayou, serial_bayou_pond_a,
          serial_bayou_pond_a, serial_bayou_shore_b, serial_bayou_shore_b,
          hangedman_feature_mirror, minmay_misc_feat_enclosed
D:3:      layout_loops_ring, gup_sewer_entry_bowl
D:4:      layout_basic, trog_book, mainiacjoe_overflow_swirl
D:5:      layout_basic, general_overflow_altar, minmay_temple_entry_sparse_star,
          ebering_ghost_reflecting_pool, kennysheep_diamond
D:6:      layout_cave_pods
D:7:      layout_gridville, enter_bailey_7, uniq_crazy_yiuf_cottage
D:8:      layout_basic, serial_shops, kennysheep_mini_moat,
          hellmonk_guarded_unrand_dark_maul
D:9:      layout_stronghold, due_lair_maze_entry_diamond
D:10:     layout_loops_cross, nicolae_overflow_hallway_of_the_gods, david_orc_3
D:11:     layout_roguey
D:12:     layout_basic
D:13:     layout_long_grid, gammafunk_ghost_ooze
Lair:1:   layout_loops_ring
Lair:2:   layout_cave_pods, palyth_hydra_swamp_entry

Skill      XL: |  1  2  3  4  5  6  7  8  9 10 11 12 |
---------------+-------------------------------------+-----
Spellcasting   | 5 6 7 8 9 |  9.4
Invocations    | 1 2 3 4 5 6 7 8 |  8.7
Short Blades   | 1 2 3 5 6 7 |  7.9
Axes           | 1 2 3 5 6 7 |  7.9
Maces & Flails | 1 2 3 5 6 7 |  7.9
Polearms       | 1 2 3 5 6 7 |  7.9
Staves         | 1 2 3 5 6 7 |  7.9
Ranged Weapons | 1 2 3 5 6 7 |  7.9
Throwing       | 1 2 3 5 6 7 |  7.9
Armour         | 1 2 3 5 6 7 |  7.9
Dodging        | 1 2 3 5 6 7 |  7.9
Shields        | 1 2 3 5 6 7 |  7.9
Unarmed Combat | 1 2 3 5 6 7 |  7.9
Evocations     | 1 2 3 5 6 7 |  7.9
Hexes          | 1 2 3 4 5 6 |  6.6
Summonings     | 1 2 3 4 5 6 |  6.6
Necromancy     | 1 2 3 4 5 6 |  6.6
Translocations | 1 2 3 4 5 6 |  6.6
Transmutations | 1 2 3 4 5 6 |  6.6
Fire Magic     | 1 2 3 4 5 6 |  6.6
Ice Magic      | 1 2 3 4 5 6 |  6.6
Air Magic      | 1 2 3 4 5 6 |  6.6
Earth Magic    | 1 2 3 4 5 6 |  6.6
Poison Magic   | 1 2 3 4 5 6 |  6.6
Stealth        | 3 4 5 6 7 8 |  8.3
Fighting       | 5 6 7 8 9 |  9.2
Long Blades    | 5 6 7 8 9 |  9.2
Conjurations   | 6 7 8 |  8.6

Action                   |  1- 3 |  4- 6 |  7- 9 | 10-12 || total
-------------------------+-------+-------+-------+-------++-------
Melee: Long sword        |    74 |   171 |   445 |  1064 ||  1754
       Bite              |     4 |    11 |    65 |   149 ||   229
       Punch             |     1 |     4 |    10 |    63 ||    78
       Maul              |       |       |       |     1 ||     1
Throw: Stone             |       |       |       |     3 ||     3
       Dart              |       |       |       |     1 ||     1
Invok: Upheaval          |       |       |       |     1 ||     1
Evoke: Wand              |       |     6 |    18 |     7 ||    31
  Use: Potion            |     1 |       |     8 |    13 ||    22
       Scroll            |       |     5 |     4 |     8 ||    17
 Stab: Sleeping          |     2 |    11 |     3 |       ||    16
       Paralysed         |       |       |     4 |       ||     4
       Invisible         |       |       |       |     4 ||     4
Armor: Leather armour    |    17 |    44 |   206 |    23 ||   290
       Ring mail         |       |       |       |   493 ||   493
Dodge: Dodged            |    39 |    95 |   437 |   715 ||  1286
       Repelled          |       |       |       |     4 ||     4
Block: Other             |       |       |    29 |   189 ||   218

Table legend: (Time is in decaauts)
 A = Elapsed time spent in this place.
 B = Non-inter-level travel time spent in this place.
 C = Inter-level travel time spent in this place.
 D = Time resting spent in this place.
 E = Time spent auto-exploring this place.
 F = Levels seen in this place.
 G = Mean time per level.
                   A        B        C        D        E       F      G
               +--------+--------+--------+--------+--------+-----+--------+
         Total |  16716 |  16175 |    541 |   1749 |  10825 |  17 |  983.3 |
       Dungeon |  13708 |  13218 |    490 |   1188 |   9374 |  13 | 1054.5 |
          Lair |   1636 |   1585 |     51 |    116 |   1144 |   2 |  818.0 |
         Sewer |    331 |    331 |      0 |      0 |    185 |   1 |  331.0 |
        Bailey |   1040 |   1040 |      0 |    445 |    122 |   1 | 1040.0 |
               +--------+--------+--------+--------+--------+-----+--------+

Top non-repeatable levels by time:
     D:9: 1571 daAuts
     D:7: 1532 daAuts
     D:6: 1432 daAuts
     D:5: 1282 daAuts
     D:4: 1187 daAuts
     D:8: 1160 daAuts
  Lair:1: 1148 daAuts
  Bailey: 1040 daAuts
     D:2: 1023 daAuts
    D:12: 993 daAuts
     D:1: 965 daAuts
    D:11: 955 daAuts
    D:10: 865 daAuts
     D:3: 736 daAuts
  Lair:2: 488 daAuts
